 Dungeon Crawl Stone Soup version 0.24.0-123-gd5b16e6ec5 (webtiles) character file.

Game seed: 15377287476760895744, levelgen mode: deterministic

108 Descartes the Magician (level 4, -2/21 HPs)
             Began as a Spriggan Wizard on Dec 25, 2019.
             Killed by nerve-wracking pain
             ... invoked by Grinder
              (12 damage)
             ... on level 3 of the Dungeon.
             The game lasted 00:06:08 (2444 turns).

Descartes the Magician (Spriggan Wizard)            Turns: 2444, Time: 00:06:08

Health: -2/21      AC:  3    Str:  7    XL:     4   Next: 58%
Magic:  11/11      EV: 19    Int: 19    God:
Gold:   104        SH:  0    Dex: 14    Spells: 3/12 levels left

rFire    . . .     SeeInvis +   s - +4 quarterstaff (chaos)
rCold    . . .     Gourm    .   (shield currently unavailable)
rNeg     . . .     Faith    .   a - +0 robe
rPois    .         Spirit   .   b - +0 hat
rElec    .         Reflect  .   w - +0 cloak
rCorr    .         Harm     .   (gloves unavailable)
MR       .....                  (boots unavailable)
Stlth    +++.......             (no amulet)
HPRegen  0.07/turn              h - +3 ring of strength
MPRegen  0.12/turn              (no ring)

@: very quick
A: very small, unfitting armour, see invisible, herbivore, speed 3, slow
metabolism 2
a: no special abilities


You were on level 3 of the Dungeon.
You were not hungry.

You visited 1 branch of the dungeon, and saw 3 of its levels.

You collected 104 gold pieces.

Inventory:

Hand Weapons
 s - a +4 quarterstaff of chaos (weapon)
 u - a +1 dagger of venom
 v - a +0 hunting sling
Missiles
 c - 241 stones (quivered)
 e - 65 poisoned darts
 g - 19 arrows
 i - 53 bolts
 x - 26 sling bullets
Armour
 a - a +0 robe (worn)
 b - a +0 hat (worn)
 w - a +0 cloak (worn)
Jewellery
 h - a +3 ring of strength (left hand)
 y - a cursed ring of attention {unknown}
Wands
 p - a wand of polymorph (7)
Scrolls
 k - 2 scrolls of remove curse {unknown}
 m - a scroll of identify {unknown}
 n - a scroll of teleportation {unknown}
 q - a scroll of fog {unknown}
Potions
 f - 4 potions of curing {unknown}
 j - a potion of flight {unknown}
 l - 2 potions of heal wounds {unknown}
 o - a potion of mutation {unknown}
 r - a potion of lignification {unknown}
 t - a potion of haste {unknown}
 z - a potion of brilliance {unknown}
Comestibles
 d - 3 rations


   Skills:
 + Level 4.3 Dodging
 + Level 4.4 Stealth
 + Level 4.7 Spellcasting
 + Level 1.6 Conjurations
   Level 0.7 Summonings
 + Level 2.1 Translocations


You had 3 spell levels left.
You knew the following spells:

 Your Spells              Type           Power        Failure   Level  Hunger
a - Magic Dart            Conj           ##..         7%          1    None
b - Blink                 Tloc           N/A          8%          2    #......
c - Conjure Flame         Conj/Fire      #.......     26%         3    ##.....
d - Mephitic Cloud        Conj/Pois/Air  #.......     30%         3    ##.....

Your spell library contained the following spells:

 Spells                   Type           Power        Failure   Level  Hunger
 Call Imp                 Summ           #.......     14%         2    #......
 Slow                     Hex            #.......     19%         2    #......


Dungeon Overview and Level Annotations

Branches:
Dungeon (3/15)

Altars:
Gozag

Annotations:
D:3 Grinder


Innate Abilities, Weirdness & Mutations

You are very small and have problems with some larger weapons.
You are too small for most types of armour.
You have supernaturally acute eyesight. (SInv)
You are a herbivore.
You cover ground extremely quickly.
You need to consume almost no food.


Message History

You are too injured to fight recklessly!
You are too injured to fight recklessly!
The bat completely misses you. The bat closely misses you.
Grinder blinks!
The bat misses you. The bat hits you but does no damage. The bat misses you.
The bat misses you.
You are too injured to fight recklessly!
You hit the bat. You burn the bat.
You kill the bat!
You miss the jackal. The jackal barely misses you.
The jackal completely misses you.
You hit the jackal. You burn the jackal.
You kill the jackal!
You are too injured to fight recklessly!
You are too injured to fight recklessly!
Grinder gestures at you. Pain shoots through your body!
Ouch! That really hurt!
You die...

#.#.####..### ##.
#.........# #..
#........## ##.#####
###'###### ......#
##...## #.#.#.# ##.....##
# #.#[#.# ##.......##
#..##.#....>###.........#
#....†5....@.'.........+
#..##..#....###......)..#
#.......# ##.......##
##.##.### ##.....##
......# ##...## ###.####
##+## #. #.


You could see Grinder.

Vanquished Creatures
  Crazy Yiuf (D:2)
  Jessica (D:2)
  4 dart slugs
  A giant cockroach (D:1)
  6 goblins
  5 hobgoblins
  6 jackals
  2 kobolds
  11 bats
  2 frilled lizards
  5 rats
44 creatures vanquished.

Notes
Turn   | Place    | Note
-------+----------+-------------------------------------------
     0 | D:1      | Descartes the Spriggan Wizard began the quest for the Orb.
     0 | D:1      | Reached XP level 1. HP: 9/9 MP: 6/6
   316 | D:1      | Reached XP level 2. HP: 13/13 MP: 4/8
   353 | D:1      | Reached skill level 1 in Conjurations
  1083 | D:2      | Noticed Jessica
  1084 | D:2      | Killed Jessica
  1084 | D:2      | Reached XP level 3. HP: 16/16 MP: 10/10
  1196 | D:2      | Learned a level 2 spell: Blink
  1200 | D:2      | Learned a level 3 spell: Conjure Flame
  1204 | D:2      | Learned a level 3 spell: Mephitic Cloud
  1267 | D:2      | Found a faded altar of an unknown god.
  1585 | D:2      | Reached XP level 4. HP: 21/21 MP: 8/11
  1670 | D:2      | Found an opulent altar of Gozag.
  1856 | D:2      | Found a runed translucent door.
  1857 | D:2      | Noticed Crazy Yiuf
  2100 | D:2      | Killed Crazy Yiuf
  2427 | D:3      | Noticed Grinder
  2444 | D:3      | Killed from afar by Grinder

Levels and vault maps discovered:
D:1:      minmay_arrival_shattered_statue, layout_basic
D:2:      layout_loops_ring, first_ration, chequers_ecumenical_altar_island,
          nicolae_gozag_cash_rules_everything_around_me, uniq_jessica,
          uniq_crazy_yiuf_cottage
D:3:      layout_loops_corners, overflow_temple_1_default, uniq_grinder

Skill      XL: |  1  2  3  4 |
---------------+-------------+-----
Conjurations   | 1 |  1.6
Stealth        | 4 |  4.4
Dodging        | 4 |  4.3
Translocations | 2 |  2.1
Spellcasting   | |  4.7
Summonings     | |  0.7

Action                   |  1- 3 |  4- 6 || total
-------------------------+-------+-------++-------
Melee: Dagger            |    36 |       ||    36
       Quarterstaff      |       |    12 ||    12
 Fire: Hunting sling     |       |    17 ||    17
 Cast: Magic Dart        |    80 |     9 ||    89
 Stab: Sleeping          |     1 |       ||     1
Armor: Robe              |     4 |     1 ||     5
Dodge: Dodged            |    50 |    28 ||    78
